 Dungeon Crawl Stone Soup version 0.31-a0-45-g5f0c076935 (webtiles) character file.

Game seed: 4196087365580659056

119 voltaire321 the Sneak (level 5, -2/29 HPs)
             Began as a Kobold Enchanter on May 21, 2023.
             Slain by an orc wizard
             ... wielding a +0 dagger
              (3 damage)
             ... on level 3 of the Dungeon.
             The game lasted 00:04:39 (1787 turns).

voltaire321 the Sneak (Kobold Enchanter)            Turns: 1787, Time: 00:04:39

Health: -2/29      AC:  2    Str:  7    XL:     5   Next: 23%
Magic:  1/9        EV: 15    Int: 17    God:
Gold:   188        SH:  0    Dex: 15    Spells: 7/9 levels left

rFire   . . .        p - +1 short sword (speed)
rCold   . . .        (no shield)
rNeg    . . .        b - +0 robe
rPois   .            (no helmet)
rElec   .            (no cloak)
rCorr   .            (no gloves)
SInv    .            (no boots)
Will    .....        o - amulet of the acrobat
Stlth   ++           (no ring)
HPRegen 0.24/turn    (no ring)
MPRegen 0.11/turn

%: acrobat
@: confused
A: small, no large weapons, nightstalker 3
a: no special abilities


You were on level 3 of the Dungeon.
You visited 1 branch of the dungeon, and saw 3 of its levels.

You collected 188 gold pieces.

Inventory:

Hand Weapons
 a - a +1 dagger
 j - a +0 rapier
 p - a +1 short sword of speed (weapon)
Missiles
 q - 3 poisoned darts
Armour
 b - a +0 robe (worn)
Magical Staves
 l - the staff of air "Hefruarr" {rElec rCorr Stlth+}
   (You found it on level 2 of the Dungeon)

   [staff of air]

   Base accuracy: +5 Base damage: 5 Base attack delay: 1.2 This weapon's minimum
   attack delay (0.6) is reached at skill level 12.
   rElec:     It insulates you from electricity.
   rCorr:     It protects you from acid and corrosion.
   Stlth:     It makes you more stealthy.
   It falls into the 'Staves' category.
   It is a two-handed weapon.
Jewellery
 o - an amulet of the acrobat (around neck)
Scrolls
 d - a scroll of acquirement {unknown}
 e - 6 scrolls of identify {unknown}
 g - 2 scrolls of immolation {unknown}
 h - a scroll of teleportation {unknown}
 i - a scroll of torment {unknown}
 k - a scroll of vulnerability {unknown}
 m - a scroll of butterflies {unknown}
 n - 2 scrolls of enchant armour {unknown}
Potions
 c - 2 potions of invisibility
 f - a potion of curing {unknown}


   Skills:
 + Level 1.4 Fighting
 + Level 2.3 Short Blades
 + Level 0.8 Armour
 + Level 3.0 Dodging
 * Level 5.1 Stealth
 + Level 2.7 Spellcasting
 + Level 3.2 Hexes
 + Level 1.1 Ice Magic


You had 7 spell levels left.
You knew the following spells:

 Your Spells              Type           Power      Damage    Failure   Level
a - Ensorcelled Hibernat  Hex/Ice        18%        N/A       11%         2

Your spell library contained the following spells:

 Spells                   Type           Power      Damage    Failure   Level
 Confusing Touch          Hex            13%        N/A       14%         3
 Tukima's Dance           Hex            13%        N/A       14%         3
 Dazzling Flash           Conj/Hex       14%        N/A       28%         3


Dungeon Overview and Level Annotations

Branches:
Dungeon (3/15)

Altars:
Fedhas
Gozag
Wu Jian


Innate Abilities, Weirdness & Mutations

You are small and have problems with some larger weapons.
You are completely attuned to the shadows.


Message History

You closely miss the orc wizard.
You hit the orc wizard but do no damage.
The orc priest invokes the aid of Beogh against you.
Beogh smites you! The orc wizard barely misses you.
You closely miss the orc wizard.
Aiming: Ensorcelled Hibernation (safe; 11% risk of failure)
Press: ? - help, Q - select action, (/) - cycle Shift-Dir - straight line, f - orc wizard
Aim: an orc wizard, wielding a +0 dagger and wearing a +0 robe (chance to affect: 43%)
The orc wizard looks drowsy...
The helpless orc wizard fails to defend itself.
You puncture the orc wizard!
The orc wizard is almost dead.
The orc wizard barely misses you.
You hit the orc wizard but do no damage.
The orc wizard is almost dead.
You hit the orc wizard but do no damage.
The orc wizard is almost dead.
The orc wizard points at you and mumbles some strange words.
The magic dart hits you.
You closely miss the orc wizard.
The orc wizard is almost dead.
The orc wizard misses you.
You hit the orc wizard but do no damage.
The orc wizard is almost dead.
You barely miss the orc wizard.
The orc wizard is almost dead.
The orc priest calls upon Beogh to heal the orc wizard.
The orc wizard is healed somewhat.
The orc wizard points at you and mumbles some strange words.
The puff of flame hits you!
* * * LOW HITPOINT WARNING * * *
You barely miss the orc wizard.
The orc wizard is heavily wounded.
You hit the orc wizard.
The orc wizard is almost dead.
The orc wizard points at you and mumbles some strange words.
You are confused.
You're too confused to move!
The orc wizard hits you with a +0 dagger.
You die...

...##..#.##.###.#.#§≈§≈≈
......##.##.....#.#.≈§..
#†.ooo##..o..#.##.#.§§._
#..[o.#####.......#.≈≈..
...♣♣.o## ###o.####.§.≈≈
...♣♣..#.. #..# #.≈...
_.....!###.##..####..≈§≈
.......#......o##..#####
..##...#.#.##ooo@.)#.#.##
..##..#!..J...####.#......#
......#...###.##..........#
..... .. #.##.#.#..##..#
..####. #.##.#.#......#
#... ..#.##...##
.###.......#####
#...........#
#.#...#####.##


You could see an orc priest, an orc wizard and 2 orcs.

Vanquished Creatures
  A scorpion (D:2)
  An adder (D:1)
  3 worms
  2 dart slugs
  2 orcs (D:3)
  An endoplasm (D:2)
  2 giant cockroaches (D:1)
  3 hobgoblins
  3 quokkas (D:1)
  2 ball pythons
  6 bats
  3 frilled lizards
  3 kobolds (D:2)
  4 rats
36 creatures vanquished.

Notes
Turn   | Place    | Note
-------+----------+-------------------------------------------
     0 | D:1      | voltaire321 the Kobold Enchanter began the quest for the
                  | Orb.
     0 | D:1      | Reached XP level 1. HP: 10/10 MP: 3/3
    94 | D:1      | Reached XP level 2. HP: 15/15 MP: 5/5
   576 | D:1      | Learned a level 2 spell: Ensorcelled Hibernation
   631 | D:1      | Reached XP level 3. HP: 17/20 MP: 1/6
   836 | D:2      | Identified the staff of air "Hefruarr" {rElec rCorr Stlth+}
   939 | D:2      | Noticed a scorpion
   943 | D:2      | Killed a scorpion
   944 | D:2      | Reached skill level 1 in Fighting
   944 | D:2      | Reached skill level 5 in Stealth
   944 | D:2      | Reached XP level 4. HP: 25/25 MP: 7/7
  1023 | D:2      | Reached skill level 1 in Ice Magic
  1023 | D:2      | Reached XP level 5. HP: 17/29 MP: 4/9
  1449 | D:3      | Found an opulent altar of Gozag.
  1505 | D:3      | Found a blossoming altar of Fedhas.
  1548 | D:3      | Found a faded altar of an unknown god.
  1719 | D:3      | Found an ornate altar of the Wu Jian Council.
  1784 | D:3      | HP: 1/29 [orc wizard/puff of flame (11)]
  1787 | D:3      | Slain by an orc wizard

Illustrated notes

Levels and vault maps discovered:
D:1:      noname_arrival_rooms_in_the_neighbourhood, layout_rooms
D:2:      layout_rooms
D:3:      layout_loops_cross, kiku_gazebo_garden_becter,
          nicolae_wu_jian_wuxing_cycle, mainiacjoe_overflow_paths,
          grunt_gozag_breadcrumbs, hellmonk_ecumenical_altar_heavens_door,
          kennysheep_generic_room_6, uniq_sigmund

Skill      XL: |  1  2  3  4  5 |
---------------+----------------+-----
Short Blades   | 2 |  2.3
Fighting       | 1 |  1.4
Stealth        | 5 |  5.1
Ice Magic      | 1 |  1.1
Dodging        | 3 |  3.0
Armour         | |  0.8
Spellcasting   | |  2.7
Hexes          | |  3.2

Action                     |  1- 3 |  4- 6 || total
---------------------------+-------+-------++-------
  Melee: Dagger            |    67 |    10 ||    77
         Punch             |     1 |       ||     1
         Short sword       |       |    40 ||    40
   Cast: Ensorcelled Hiber |     2 |    14 ||    16
   Stab: Sleeping          |    10 |    12 ||    22
 Armour: Robe              |     5 |     6 ||    11
  Dodge: Dodged            |    31 |    39 ||    70

Table legend: (Time is in decaauts)
 A = Elapsed time spent in this place.
 B = Non-inter-level travel time spent in this place.
 C = Inter-level travel time spent in this place.
 D = Time resting spent in this place.
 E = Time spent auto-exploring this place.
 F = Levels seen in this place.
 G = Mean time per level.
                   A        B        C        D        E       F      G
               +--------+--------+--------+--------+--------+-----+--------+
         Total |   1762 |   1696 |     66 |    260 |   1046 |   3 |  587.3 |
       Dungeon |   1762 |   1696 |     66 |    260 |   1046 |   3 |  587.3 |
               +--------+--------+--------+--------+--------+-----+--------+

Top non-repeatable levels by time:
     D:2: 700 daAuts
     D:1: 699 daAuts
     D:3: 362 daAuts
